[Event "FRA-chTW Top 12 2019"]
[Site "Vandoeuvre"]
[Date "2019.05.02"]
[Round "1.2"]
[White "Safranska, Anda"]
[Black "Skripchenko, Almira"]
[Result "0-1"]
[ECO "A04"]
[WhiteElo "2188"]
[BlackElo "2406"]
[Annotator "NA"]
[PlyCount "86"]
[EventDate "2019.05.02"]
[EventType "team-tourn"]
[EventCountry "FRA"]
[SourceTitle "playchess.com"]
[Source "ChessBase"]
[SourceQuality "1"]
[TimeControl "40/5400+30:1800+30"]

1. Nf3 c5 2. g3 Nc6 3. Bg2 g6 4. e4 Bg7 5. O-O e5 6. d3 Nge7 7. c3 O-O 8. a3 d6 9. b4 h6 10. Nbd2 Be6 11. Re1 b6 12. Nb3 Qd7 13. Bb2 Rac8 14. Rb1 f5 15. exf5 gxf5 16. b5 Nd8 17. c4 Nf7 18. Nbd2 Ng6 19. h4 Rfe8 20. Qc2 Qc7 21. Nf1 Qd7 22. a4 h5 23. Ne3 Ne7 24. Nf1 Rf8 25. Rbd1 Ng6 26. Ne3 f4 27. Nd5 Bg4 28. Rb1 Ne7 29. Nxe7+ Qxe7 30. Nd2 Nh6 31. Bd5+ Kh8 32. Ne4 Nf5 33. Ng5 Nd4 34. Bxd4 cxd4 35. Kg2 Bh6 36. Nf3 Qg7 37. Nh2 fxg3 38. fxg3 Bf4 39. Nf1 Rf6 40. Kh1 Bh6 41. Qg2 Rcf8 42. Rb2 Qd7 43. Qg1 Qf5 0-1

[Event "FRA-chTW Top 12 2019"]
[Site "Vandoeuvre"]
[Date "2019.05.02"]
[Round "1.3"]
[White "Richard, Emma"]
[Black "Maisuradze, Nino"]
[Result "0-1"]
[ECO "B32"]
[WhiteElo "2120"]
[BlackElo "2179"]
[Annotator "NA"]
[PlyCount "60"]
[EventDate "2019.05.02"]
[EventType "team-tourn"]
[EventCountry "FRA"]
[SourceTitle "playchess.com"]
[Source "ChessBase"]
[SourceQuality "1"]
[TimeControl "40/5400+30:1800+30"]

1. e4 c5 2. Nf3 Nc6 3. d4 cxd4 4. Nxd4 e5 5. Nb5 d6 6. N1c3 a6 7. Na3 Be6 8. Be2 Nf6 9. Bg5 Nd4 10. O-O Be7 11. Bxf6 Bxf6 12. Nc4 O-O 13. Ne3 Rc8 14. Bd3 Bg5 15. Ncd5 Kh8 16. c3 Nc6 17. Qe2 Bh6 18. Rfd1 Qg5 19. Nb6 Rcd8 20. Bc4 Ne7 21. g3 Ng6 22. Kh1 Bh3 23. Nbd5 f5 24. exf5 Bxf5 25. Nxf5 Qxf5 26. Kg1 e4 27. g4 Qe5 28. Rd4 Nh4 29. Qxe4 Nf3+ 30. Kf1 Nd2+ 0-1

[Event "FRA-chTW Top 12 2019"]
[Site "Vandoeuvre"]
[Date "2019.05.02"]
[Round "1.3"]
[White "Flear, Christine"]
[Black "Franc, Nathalie"]
[Result "1-0"]
[ECO "E46"]
[WhiteElo "2037"]
[BlackElo "2004"]
[Annotator "NA"]
[PlyCount "57"]
[EventDate "2019.05.02"]
[EventType "team-tourn"]
[EventCountry "FRA"]
[SourceTitle "playchess.com"]
[Source "ChessBase"]
[SourceQuality "1"]
[TimeControl "40/5400+30:1800+30"]

1. d4 Nf6 2. c4 e6 3. Nc3 Bb4 4. e3 O-O 5. Nge2 Re8 6. a3 Bxc3+ 7. Nxc3 d6 8. Be2 Nbd7 9. O-O e5 10. b4 Nf8 11. dxe5 Rxe5 12. f4 Re8 13. Bf3 Ng6 14. g3 Rb8 15. Qd4 Bh3 16. Re1 a6 17. Bb2 c5 18. Qd3 cxb4 19. axb4 Qb6 20. Na4 Qc7 21. Bxf6 gxf6 22. Nc3 Ne7 23. Ne4 Kg7 24. Qd4 Ng8 25. Nxd6 Red8 26. c5 Qd7 27. e4 Kf8 28. e5 fxe5 29. Qxe5 1-0

[Event "FRA-chTW Top 12 2019"]
[Site "Vandoeuvre"]
[Date "2019.05.02"]
[Round "1.4"]
[White "Fischer, Julie"]
[Black "Neuhauser, Salome"]
[Result "1-0"]
[ECO "B31"]
[WhiteElo "2046"]
[BlackElo "2073"]
[Annotator "NA"]
[PlyCount "67"]
[EventDate "2019.05.02"]
[EventType "team-tourn"]
[EventCountry "FRA"]
[SourceTitle "playchess.com"]
[Source "ChessBase"]
[SourceQuality "1"]
[TimeControl "40/5400+30:1800+30"]

1. e4 c5 2. Nf3 Nc6 3. Bb5 g6 4. Bxc6 dxc6 5. d3 Bg7 6. h3 e5 7. Be3 Qe7 8. Qd2 Nf6 9. Bg5 Qc7 10. Bh6 O-O 11. Nc3 Rd8 12. Bxg7 Kxg7 13. Qg5 Nd7 14. h4 f6 15. Qe3 h6 16. g4 Rh8 17. O-O-O Nf8 18. g5 Ne6 19. gxf6+ Kxf6 20. Rdg1 Bd7 21. Ne2 Rag8 22. Nh2 Ke7 23. h5 g5 24. Ng3 Kd8 25. Nf5 Nd4 26. Ng4 Nxf5 27. exf5 Bxf5 28. Nxh6 Rxh6 29. Rxg5 Bg6 30. Rhg1 Qf7 31. Qxe5 Rxh5 32. Rxh5 Bxh5 33. Rxg8+ Qxg8 34. Qb8+ 1-0

[Event "FRA-chTW Top 12 2019"]
[Site "Vandoeuvre"]
[Date "2019.05.02"]
[Round "1.4"]
[White "Bauer, Alexandra"]
[Black "Moingt, Anne"]
[Result "0-1"]
[ECO "A47"]
[WhiteElo "1349"]
[BlackElo "2042"]
[Annotator "NA"]
[PlyCount "144"]
[EventDate "2019.05.02"]
[EventType "team-tourn"]
[EventCountry "FRA"]
[SourceTitle "playchess.com"]
[Source "ChessBase"]
[SourceQuality "1"]
[TimeControl "40/5400+30:1800+30"]

1. d4 Nf6 2. Bf4 e6 3. e3 c5 4. c3 b6 5. Nf3 Bb7 6. Nbd2 Be7 7. Bd3 cxd4 8. cxd4 O-O 9. O-O Nc6 10. a3 d6 11. Qe2 Nh5 12. Bg3 Nxg3 13. hxg3 a6 14. Rac1 Qd7 15. Nc4 Bd8 16. Qc2 g6 17. b4 Rc8 18. Qb1 b5 19. Ncd2 Bf6 20. Nb3 Qd8 21. Rfd1 Qb6 22. Be2 Bg7 23. Rd2 h6 24. Ne1 e5 25. d5 Ne7 26. Bf3 f5 27. e4 Bf6 28. Rcc2 Kg7 29. Qd1 Bg5 30. Rd3 fxe4 31. Bxe4 Rc4 32. Bf3 e4 33. Bxe4 Rxe4 34. Nf3 Nf5 35. Nbd2 Re7 36. Kf1 Bf6 37. Qc1 Nd4 38. Nxd4 Bxd4 39. Nf3 Bf6 40. Qd2 Rfe8 41. Qd1 Bc8 42. Rc6 Qd8 43. Rd2 Bg4 44. Rc1 Bxf3 45. gxf3 a5 46. Qc2 axb4 47. axb4 Qd7 48. Kg2 Bg5 49. f4 Bf6 50. Qc6 Qf5 51. Qxd6 Qe4+ 52. Kh2 Rf7 53. Qc5 g5 54. Qxb5 gxf4 55. Rcc2 fxg3+ 56. fxg3 Rd8 57. d6 Bg5 58. Re2 Qd4 59. Qa5 Rxd6 60. Qe5+ Bf6 61. Qxd4 Rxd4 62. Rb2 Rb7 63. b5 Rd5 64. Rb1 Rdxb5 65. Rxb5 Rxb5 66. Kg2 Rb3 67. Rf2 Kg6 68. Rf3 Rb5 69. Rd3 Kg5 70. Kf3 Be5 71. Kf2 Kg4 72. Re3 Bd4 0-1

[Event "FRA-chTW Top 12 2019"]
[Site "Vandoeuvre"]
[Date "2019.05.02"]
[Round "1.5"]
[White "Cramling, Pia"]
[Black "Atalik, Ekaterina"]
[Result "1/2-1/2"]
[ECO "A16"]
[WhiteElo "2454"]
[BlackElo "2458"]
[Annotator "ChessBase"]
[PlyCount "32"]
[EventDate "2019.05.02"]
[EventType "team-tourn"]
[EventCountry "FRA"]
[SourceTitle "playchess.com"]
[Source "ChessBase"]
[SourceQuality "1"]
[TimeControl "40/5400+30:1800+30"]

1. Nf3 Nf6 2. c4 g6 3. Nc3 d5 4. cxd5 Nxd5 5. e4 Nxc3 6. dxc3 Qxd1+ 7. Kxd1 f6 8. Be3 e5 9. Bc4 Nd7 10. Kc2 Bc5 11. Rhe1 Bxe3 12. Rxe3 Ke7 13. Nd2 Nb6 14. Bb3 Bd7 15. Nc4 Nxc4 16. Bxc4 Rad8 1/2-1/2

[Event "FRA-chTW Top 12 2019"]
[Site "Vandoeuvre"]
[Date "2019.05.02"]
[Round "1.5"]
[White "Collas, Silvia"]
[Black "Savina, Anastasia"]
[Result "1/2-1/2"]
[ECO "D00"]
[WhiteElo "2279"]
[BlackElo "2353"]
[Annotator "NA"]
[PlyCount "82"]
[EventDate "2019.05.02"]
[EventType "team-tourn"]
[EventCountry "FRA"]
[SourceTitle "playchess.com"]
[Source "ChessBase"]
[SourceQuality "1"]
[TimeControl "40/5400+30:1800+30"]

1. d4 Nf6 2. Nf3 g6 3. Nc3 d5 4. Bf4 c6 5. e3 Bg7 6. Be2 Nbd7 7. Ne5 O-O 8. h4 Nxe5 9. Bxe5 b5 10. h5 Qa5 11. hxg6 fxg6 12. Bf3 Bf5 13. Kf1 b4 14. Ne2 Qa6 15. Kg1 g5 16. Ng3 Bg6 17. b3 Rad8 18. a3 bxa3 19. Qc1 a2 20. Qb2 g4 21. Rxa2 Qc8 22. Be2 Ne4 23. Nxe4 Bxe5 24. dxe5 dxe4 25. Qc3 Qf5 26. Qe1 Rd7 27. e6 Rd2 28. Rh4 h5 29. Bxg4 Qxf2+ 30. Qxf2 Rfxf2 31. Bh3 Rxc2 32. Rxa7 Bf5 33. Rxh5 Bxh3 34. Rg5+ Kh7 35. gxh3 Rfe2 36. Rxe7+ Kh6 37. Rf5 Rg2+ 38. Kf1 Rh2 39. Kg1 Rhg2+ 40. Kf1 Rh2 41. Kg1 Rhg2+ 1/2-1/2

[Event "FRA-chTW Top 12 2019"]
[Site "Vandoeuvre"]
[Date "2019.05.02"]
[Round "1.6"]
[White "Thomas, Anysia"]
[Black "Belluire, Beatrice"]
[Result "1-0"]
[ECO "A58"]
[WhiteElo "2178"]
[BlackElo "1913"]
[Annotator "NA"]
[PlyCount "89"]
[EventDate "2019.05.02"]
[EventType "team-tourn"]
[EventCountry "FRA"]
[SourceTitle "playchess.com"]
[Source "ChessBase"]
[SourceQuality "1"]
[TimeControl "40/5400+30:1800+30"]

1. d4 Nf6 2. c4 c5 3. d5 b5 4. cxb5 a6 5. bxa6 g6 6. Nc3 Bg7 7. e4 O-O 8. e5 Ne8 9. h4 Bxe5 10. Bh6 Bg7 11. Qd2 Bxa6 12. h5 Qb6 13. hxg6 Qxg6 14. Nf3 Bxf1 15. Kxf1 Ra6 16. Bxg7 Qxg7 17. Rh3 f5 18. Qf4 Nf6 19. Nh4 Nh5 20. Qf3 Qg5 21. Re1 Rb6 22. Qe3 f4 23. Qd2 Qg4 24. Qe2 f3 25. Nxf3 Rg6 26. Rh2 Nf4 27. Qxe7 Rg7 28. Qh4 Qxh4 29. Nxh4 Nd3 30. Re2 Nf4 31. Re3 Rg5 32. Nf3 Rgf5 33. g3 Nxd5 34. Nxd5 Rxd5 35. Ke2 Nc6 36. Rh4 Rdf5 37. Rg4+ Kh8 38. a3 d5 39. Rf4 Rxf4 40. gxf4 Rxf4 41. Re8+ Kg7 42. Rc8 Rf6 43. Rc7+ Kg6 44. Rxc6 Rxc6 45. Ne5+ 1-0

[Event "FRA-chTW Top 12 2019"]
[Site "Vandoeuvre"]
[Date "2019.05.02"]
[Round "1.6"]
[White "Bismuth, Lea"]
[Black "Cornette, Deimante"]
[Result "0-1"]
[ECO "B13"]
[WhiteElo "1956"]
[BlackElo "2433"]
[Annotator "NA"]
[PlyCount "76"]
[EventDate "2019.05.02"]
[EventType "team-tourn"]
[EventCountry "FRA"]
[SourceTitle "playchess.com"]
[Source "ChessBase"]
[SourceQuality "1"]
[TimeControl "40/5400+30:1800+30"]

1. d4 Nf6 2. Bf4 d5 3. Nc3 c5 4. e3 cxd4 5. exd4 a6 6. Nf3 Nc6 7. Ne5 Bf5 8. g4 Nxe5 9. dxe5 Bxg4 10. f3 Nh5 11. Be3 Be6 12. f4 d4 13. Qxh5 dxc3 14. b3 Bd5 15. Rg1 g6 16. Qh3 Qc8 17. Qg3 e6 18. Bd3 Ba3 19. Rd1 Qc6 20. Kf2 O-O-O 21. Rge1 Kb8 22. Bf1 Be4 23. Qg5 Rde8 24. Bd3 Bd5 25. Qg3 h5 26. h4 Be7 27. a4 Rc8 28. Kg1 Rhd8 29. Kh2 Bf3 30. Ra1 Rxd3 31. cxd3 Bd5 32. Qf2 Bxb3 33. Reb1 Qd5 34. a5 c2 35. Rb2 Qxd3 36. Qe1 Rc3 37. Bf2 Qh3+ 38. Kg1 Bd5 0-1

[Event "FRA-chTW Top 12 2019"]
[Site "Vandoeuvre"]
[Date "2019.05.02"]
[Round "1.7"]
[White "Leconte, Maria"]
[Black "Aggoune, Liza"]
[Result "1-0"]
[ECO "C02"]
[WhiteElo "2246"]
[BlackElo "1769"]
[Annotator "NA"]
[PlyCount "57"]
[EventDate "2019.05.02"]
[EventType "team-tourn"]
[EventCountry "FRA"]
[SourceTitle "playchess.com"]
[Source "ChessBase"]
[SourceQuality "1"]
[TimeControl "40/5400+30:1800+30"]

1. e4 c5 2. c3 e6 3. d4 d5 4. e5 Nc6 5. Nf3 Bd7 6. Be2 cxd4 7. cxd4 Qb6 8. O-O Nge7 9. Nc3 Nf5 10. Na4 Qc7 11. g4 Nfe7 12. Be3 Ng6 13. Rc1 Be7 14. Nc5 O-O 15. b4 Bxc5 16. Rxc5 a6 17. h4 Qb6 18. h5 Nge7 19. a3 f6 20. Bd3 Be8 21. exf6 Rxf6 22. Bb1 h6 23. Ne5 Qd8 24. Qd3 Kf8 25. Rcc1 Qd6 26. f4 g6 27. Bf2 Rxf4 28. Bg3 Nxe5 29. Rxf4+ 1-0

[Event "FRA-chTW Top 12 2019"]
[Site "Vandoeuvre"]
[Date "2019.05.02"]
[Round "1.7"]
[White "Nicolas, Gabrielle"]
[Black "Steil-Antoni, Fiona"]
[Result "0-1"]
[ECO "A53"]
[WhiteElo "1733"]
[BlackElo "2156"]
[Annotator "NA"]
[PlyCount "48"]
[EventDate "2019.05.02"]
[EventType "team-tourn"]
[EventCountry "FRA"]
[SourceTitle "playchess.com"]
[Source "ChessBase"]
[SourceQuality "1"]
[TimeControl "40/5400+30:1800+30"]

1. d4 d6 2. Nf3 Bg4 3. e3 Nd7 4. c4 e5 5. Nc3 Ngf6 6. Be2 Be7 7. O-O O-O 8. b4 c6 9. Qb3 e4 10. Nd2 Bxe2 11. Nxe2 d5 12. f3 exf3 13. Nxf3 dxc4 14. Qxc4 Nb6 15. Qb3 Nbd5 16. a3 Bd6 17. Bd2 Qe7 18. Rae1 h6 19. Nc3 Nxc3 20. Bxc3 Rae8 21. Bb2 Qe4 22. h3 Qg6 23. Qd1 Re6 24. Ne5 Bxe5 0-1

[Event "FRA-chTW Top 12 2019"]
[Site "Vandoeuvre"]
[Date "2019.05.02"]
[Round "1.10"]
[White "L'Ami, Alina"]
[Black "Gospodaru, Teodora"]
[Result "*"]
[ECO "A53"]
[WhiteElo "2286"]
[BlackElo "1434"]
[Annotator "NA"]
[PlyCount "39"]
[EventDate "2019.05.02"]
[EventType "team-tourn"]
[EventCountry "FRA"]
[SourceTitle "playchess.com"]
[Source "ChessBase"]
[SourceQuality "1"]
[TimeControl "40/5400+30:1800+30"]

1. d4 Nf6 2. c4 d6 3. Nc3 e5 4. dxe5 dxe5 5. Qxd8+ Kxd8 6. Bg5 Be6 7. O-O-O+ Kc8 8. Nf3 Bc5 9. e3 Nbd7 10. Bh4 Bb4 11. Ng5 Bxc3 12. bxc3 Bg4 13. f3 Bh5 14. Bd3 c6 15. Ne4 Nxe4 16. Bxe4 Bg6 17. Bxg6 hxg6 18. Bg3 Kc7 19. Rd2 Rae8 20. Rhd1 *

[Event "FRA-chTW Top 12 2019"]
[Site "Vandoeuvre"]
[Date "2019.05.02"]
[Round "1.10"]
[White "Bensdorp-De Labaca, Marlies"]
[Black "Le Du, Maelle"]
[Result "1-0"]
[ECO "D55"]
[WhiteElo "2229"]
[BlackElo "1673"]
[Annotator "NA"]
[PlyCount "143"]
[EventDate "2019.05.02"]
[EventType "team-tourn"]
[EventCountry "FRA"]
[SourceTitle "playchess.com"]
[Source "ChessBase"]
[SourceQuality "1"]
[TimeControl "40/5400+30:1800+30"]

1. d4 d5 2. c4 e6 3. Nc3 Nf6 4. Bg5 Be7 5. e3 O-O 6. Qc2 h6 7. Bh4 b6 8. Nf3 Bb7 9. Bd3 Nbd7 10. cxd5 exd5 11. O-O c5 12. Rac1 cxd4 13. Nxd4 Ne5 14. Be2 Ne4 15. Bxe7 Qxe7 16. Nxe4 dxe4 17. Qc7 Qxc7 18. Rxc7 Bd5 19. Rfc1 Nd3 20. Bxd3 exd3 21. R7c3 Be4 22. f3 Bg6 23. e4 Rad8 24. Nc6 Rd7 25. Rd1 Kh7 26. Rdxd3 Rxd3 27. Rxd3 Rc8 28. Rc3 Rc7 29. Kf2 f6 30. Ke3 Rd7 31. b4 Rd1 32. Nxa7 Rg1 33. Rc2 Rb1 34. a3 Rb3+ 35. Kd4 Rxa3 36. Nc8 Rb3 37. Kc4 Bf7+ 38. Kb5 Be8+ 39. Kxb6 Rxb4+ 40. Kc5 Rb1 41. Nd6 Bd7 42. f4 Re1 43. Rd2 Ba4 44. Kd4 Rf1 45. g3 Bc6 46. e5 fxe5+ 47. fxe5 Re1 48. Rc2 Ba4 49. Rb2 Rd1+ 50. Ke3 Kg6 51. Rb4 Bd7 52. Rb7 Bc6 53. Rc7 Bd5 54. Ne8 Bf7 55. Rc6+ Kh7 56. Nc7 Re1+ 57. Kd4 Rd1+ 58. Kc5 Rc1+ 59. Kd6 Rxc6+ 60. Kxc6 Kg8 61. e6 Bg6 62. e7 Be4+ 63. Kd6 Bg6 64. Ke5 Bh5 65. e8=Q+ Bxe8 66. Nxe8 Kf7 67. Nd6+ Kg6 68. Ne4 Kh5 69. Kf5 g6+ 70. Kf4 g5+ 71. Kf5 g4 72. Nf6# 1-0

[Event "FRA-chTW Top 12 2019"]
[Site "Vandoeuvre"]
[Date "2019.05.02"]
[Round "1.11"]
[White "L'Ami, Alina"]
[Black "Gospodaru, Teodora"]
[Result "1-0"]
[ECO "E54"]
[WhiteElo "2286"]
[BlackElo "1434"]
[Annotator "NA"]
[PlyCount "77"]
[EventDate "2019.05.02"]
[EventType "team-tourn"]
[EventCountry "FRA"]
[SourceTitle "playchess.com"]
[Source "ChessBase"]
[SourceQuality "1"]
[TimeControl "40/5400+30:1800+30"]

1. d4 Nf6 2. c4 e6 3. Nc3 Bb4 4. e3 O-O 5. Bd3 d5 6. Nf3 c5 7. O-O cxd4 8. exd4 b6 9. Bg5 dxc4 10. Be4 Nc6 11. Bxc6 Rb8 12. Ne5 Be7 13. Bf3 Bd7 14. Nxc4 b5 15. Ne5 b4 16. Nxd7 Qxd7 17. Ne2 Rfd8 18. Rc1 Nd5 19. Bxe7 Nxe7 20. Qd2 Nf5 21. Rfd1 Rb6 22. Be4 Ne7 23. Qc2 f5 24. Bf3 Rd6 25. Qb3 a5 26. Rc5 g5 27. g3 Qa7 28. Rdc1 R8d7 29. Qe3 h6 30. Qe5 Ng6 31. Rc8+ Kh7 32. Qxd6 Rxd6 33. R1c7+ Rd7 34. Rxa7 Rxa7 35. Rc6 e5 36. Bh5 Ne7 37. Rc5 e4 38. d5 Rd7 39. d6 1-0

[Event "FRA-chTW Top 12 2019"]
[Site "Vandoeuvre"]
[Date "2019.05.02"]
[Round "1.11"]
[White "Hamelin, Isabelle"]
[Black "Verot, Melanie"]
[Result "1-0"]
[ECO "D34"]
[WhiteElo "1609"]
[BlackElo "2069"]
[Annotator "NA"]
[PlyCount "111"]
[EventDate "2019.05.02"]
[EventType "team-tourn"]
[EventCountry "FRA"]
[SourceTitle "playchess.com"]
[Source "ChessBase"]
[SourceQuality "1"]
[TimeControl "40/5400+30:1800+30"]

1. c4 e6 2. Nc3 d5 3. cxd5 exd5 4. d4 c5 5. Nf3 Nc6 6. g3 Nf6 7. Bg2 Be7 8. O-O O-O 9. a3 c4 10. Re1 h6 11. Qc2 Bg4 12. e3 Qb8 13. b4 b5 14. Bb2 Bxb4 15. axb4 Nxb4 16. Qb1 Nd3 17. Rd1 b4 18. Ne2 Ne4 19. Rxd3 cxd3 20. Qxd3 a5 21. Nd2 Nxd2 22. Qxd2 Qb5 23. Nf4 Rfd8 24. Nd3 Bf5 25. Nc5 Qb6 26. Qd1 Ra7 27. Qb3 Be6 28. Ra4 h5 29. h4 Qd6 30. Bc1 Bd7 31. Ra1 Bb5 32. Bf1 Bxf1 33. Kxf1 Qf6 34. Kg2 Qf5 35. Bd2 Rda8 36. Qa4 Qg4 37. f3 Qf5 38. Qb3 Rb8 39. Ra4 Rb6 40. Ra1 g5 41. hxg5 Qxg5 42. Rh1 Rg6 43. Rh3 Re7 44. Qd3 h4 45. g4 f5 46. e4 f4 47. e5 Reg7 48. e6 Qf6 49. Nd7 Qxe6 50. Ne5 Rh6 51. Bxf4 Rhh7 52. Qb5 Rc7 53. Qb8+ Rc8 54. Qb5 Rc2+ 55. Kf1 Rc3 56. Qxa5 1-0

[Event "FRA-chTW Top 12 2019"]
[Site "Vandoeuvre"]
[Date "2019.05.02"]
[Round "1.12"]
[White "Bonvalot, Isabelle"]
[Black "Saliou, Sarah"]
[Result "0-1"]
[ECO "B22"]
[WhiteElo "1936"]
[BlackElo "1696"]
[Annotator "NA"]
[PlyCount "114"]
[EventDate "2019.05.02"]
[EventType "team-tourn"]
[EventCountry "FRA"]
[SourceTitle "playchess.com"]
[Source "ChessBase"]
[SourceQuality "1"]
[TimeControl "40/5400+30:1800+30"]

1. e4 c5 2. c3 Nf6 3. e5 Nd5 4. d4 cxd4 5. Nf3 Nc6 6. cxd4 g6 7. Bc4 Nb6 8. Bb3 Bg7 9. O-O O-O 10. Bf4 d6 11. exd6 exd6 12. h3 d5 13. Nc3 a6 14. Qd2 Na5 15. Bh6 Nac4 16. Qc1 Be6 17. Bxg7 Kxg7 18. Bc2 Qf6 19. b3 Nd6 20. Qd2 Bxh3 21. Ne5 Bf5 22. Rac1 Bxc2 23. Rxc2 Nf5 24. a4 Qd6 25. a5 Nd7 26. Re1 Rfe8 27. Nxd7 Qxd7 28. Na4 Rxe1+ 29. Qxe1 Re8 30. Qc3 Qd6 31. Nc5 b6 32. axb6 Qxb6 33. g4 Nd6 34. f3 Nb5 35. Qd2 Qf6 36. Qd3 Qxd4+ 37. Qxd4+ Nxd4 38. Rf2 Re3 39. Nxa6 Nxf3+ 40. Kf1 Rxb3 41. Nc7 d4 42. Ne8+ Kf8 43. Nd6 Re3 44. Nc4 Rc3 45. Nd6 Ne5 46. Rf4 d3 47. Rd4 Rc2 48. g5 Nf3 49. Rd5 Rc1+ 50. Kf2 d2 51. Kxf3 d1=Q+ 52. Rxd1 Rxd1 53. Ne4 Kg7 54. Nf2 Rd4 55. Ng4 Rd6 56. Kg3 f6 57. gxf6+ Rxf6 0-1

[Event "FRA-chTW Top 12 2019"]
[Site "Vandoeuvre"]
[Date "2019.05.02"]
[Round "1.12"]
[White "Gras, Delphine"]
[Black "Gromas, Hermine"]
[Result "0-1"]
[ECO "B18"]
[WhiteElo "1835"]
[BlackElo "1476"]
[Annotator "NA"]
[PlyCount "69"]
[EventDate "2019.05.02"]
[EventType "team-tourn"]
[EventCountry "FRA"]
[SourceTitle "playchess.com"]
[Source "ChessBase"]
[SourceQuality "1"]
[TimeControl "40/5400+30:1800+30"]

1. e4 c6 2. d4 d5 3. Nc3 dxe4 4. Nxe4 Bf5 5. Ng3 Bg6 6. Nf3 Nf6 7. Ne5 Nbd7 8. Nxg6 hxg6 9. Bc4 e6 10. c3 Bd6 11. Qf3 Qc7 12. Ne2 Nb6 13. Bb3 O-O-O 14. Bg5 Nbd7 15. O-O-O Rde8 16. c4 Rhf8 17. c5 Be7 18. Bf4 Qa5 19. Nc3 Nd5 20. Bd2 Qc7 21. Ne4 N7f6 22. Ng5 Qd8 23. Rhe1 Qd7 24. Bc2 Bd8 25. Qa3 Kb8 26. Re2 Bc7 27. Rde1 Nf4 28. Nxf7 Nxe2+ 29. Rxe2 Qxf7 30. g3 Nd5 31. Ba4 e5 32. Qb3 Kc8 33. dxe5 Rxe5 34. Be3 Nxe3 35. fxe3 0-1

[Event "FRA-chTW Top 12 2019"]
[Site "Vandoeuvre"]
[Date "2019.05.03"]
[Round "2.2"]
[White "Bensdorp-De Labaca, Marlies"]
[Black "Safranska, Anda"]
[Result "1/2-1/2"]
[ECO "E60"]
[WhiteElo "2229"]
[BlackElo "2188"]
[Annotator "NA"]
[PlyCount "167"]
[EventDate "2019.05.02"]
[EventType "team-tourn"]
[EventCountry "FRA"]
[SourceTitle "playchess.com"]
[Source "ChessBase"]
[SourceQuality "1"]
[TimeControl "40/5400+30:1800+30"]

1. d4 d6 2. Nf3 g6 3. g3 Bg7 4. Bg2 Nf6 5. O-O Nc6 6. b3 O-O 7. Bb2 e5 8. dxe5 Ng4 9. c4 Ngxe5 10. Nc3 Be6 11. Qd2 h6 12. Rad1 a5 13. Nxe5 dxe5 14. Qxd8 Rfxd8 15. Nb5 Rdc8 16. Rd2 a4 17. Bc3 axb3 18. axb3 $11 Nd8 19. Rfd1 c6 20. Nd6 Rcb8 21. Ne8 Rc8 22. Nxg7 Kxg7 23. Bxe5+ f6 24. Bb2 Kf7 25. Be4 g5 26. f4 f5 27. Bb1 gxf4 28. gxf4 Ke7 29. e4 fxe4 30. Bxe4 Nf7 31. f5 Rg8+ 32. Kh1 Bc8 33. Re1 Kf8 34. Bb1 c5 35. Be4 Rg4 36. f6 Rf4 37. Bd5 Bh3 38. Be6 Bxe6 39. Rxe6 Ra2 40. Kg2 Ng5 41. Re7 Rxf6 42. Rxb7 Ne6 43. Bxf6 Rxd2+ 44. Kg3 Kg8 45. h3 Rd3+ 46. Kg4 Kf8 47. h4 Re3 48. Kf5 Nd4+ 49. Bxd4 cxd4 50. c5 Rc3 51. b4 d3 52. Rd7 Rc4 53. h5 Rxb4 54. Rxd3 Rc4 55. Rd5 Kf7 56. Re5 Rc1 57. Ke4 Kf6 58. Rd5 Rc4+ 59. Kd3 Rc1 60. Kd4 Rc2 61. Rd6+ Kg5 62. Rg6+ Kxh5 63. Rg8 Kh4 64. Kd5 h5 65. c6 Kh3 66. Kd6 Rd2+ 67. Ke6 Rc2 68. Kd7 Rd2+ 69. Kc8 h4 70. c7 Rc2 71. Kd7 Kh2 72. c8=Q Rxc8 73. Rxc8 h3 74. Ke6 Kg2 75. Rc2+ Kg3 76. Kf5 h2 77. Rc3+ Kg2 78. Rc2+ Kg3 79. Rc1 Kg2 80. Kg4 h1=Q 81. Rc2+ Kf1 82. Rc1+ Kg2 83. Rxh1 Kxh1 84. Kf5 1/2-1/2

[Event "FRA-chTW Top 12 2019"]
[Site "Vandoeuvre"]
[Date "2019.05.03"]
[Round "2.3"]
[White "Maisuradze, Nino"]
[Black "Afraoui, Anaelle"]
[Result "1-0"]
[ECO "E68"]
[WhiteElo "2179"]
[BlackElo "2068"]
[Annotator "NA"]
[PlyCount "81"]
[EventDate "2019.05.02"]
[EventType "team-tourn"]
[EventCountry "FRA"]
[SourceTitle "playchess.com"]
[Source "ChessBase"]
[SourceQuality "1"]
[TimeControl "40/5400+30:1800+30"]

1. Nf3 Nf6 2. g3 g6 3. Bg2 Bg7 4. O-O O-O 5. c4 d6 6. d4 Nbd7 7. Nc3 e5 8. e4 exd4 9. Nxd4 Re8 10. Re1 a6 11. h3 Rb8 12. Be3 c5 13. Nde2 Ne5 14. b3 b5 15. f4 Ned7 16. Qxd6 b4 17. e5 bxc3 18. exf6 Rxe3 19. fxg7 Rb6 20. Qd1 Rbe6 21. Rc1 Qe7 22. Kf2 Nf6 23. Rxc3 Ne4+ 24. Bxe4 R3xe4 25. Rd3 Bb7 26. Qd2 Kxg7 27. Qb2+ Kg8 28. Rd2 Qc7 29. Red1 Qc6 30. Rd8+ Re8 31. R1d5 R4e7 32. Rxe8+ Rxe8 33. Qd2 Qc8 34. Re5 Rd8 35. Qa5 Rd3 36. Qxc5 Qd7 37. Re7 Rf3+ 38. Ke1 Qd3 39. Re8+ Kg7 40. Qf8+ Kf6 41. Qh8+ 1-0

[Event "FRA-chTW Top 12 2019"]
[Site "Vandoeuvre"]
[Date "2019.05.03"]
[Round "2.3"]
[White "Franc, Nathalie"]
[Black "Verot, Melanie"]
[Result "1/2-1/2"]
[ECO "B28"]
[WhiteElo "2004"]
[BlackElo "2069"]
[Annotator "NA"]
[PlyCount "79"]
[EventDate "2019.05.02"]
[EventType "team-tourn"]
[EventCountry "FRA"]
[SourceTitle "playchess.com"]
[Source "ChessBase"]
[SourceQuality "1"]
[TimeControl "40/5400+30:1800+30"]

1. e4 c5 2. Nf3 a6 3. d4 cxd4 4. Nxd4 Nf6 5. Nc3 e5 6. Nf3 Nc6 7. Bd3 Bb4 8. O-O h6 9. a3 Bc5 10. Bc4 O-O 11. Qd3 d6 12. Ne2 b5 13. Ba2 Qb6 14. b4 Bxf2+ 15. Kh1 Bb7 16. Rxf2 Nxe4 17. Rf1 Ne7 18. Be3 Qc7 19. Nd2 Nf6 20. Rxf6 gxf6 21. Bxh6 d5 22. Bxf8 Kxf8 23. Ng3 Ng6 24. Nh5 Ke7 25. Rf1 Rh8 26. Qf5 Qd6 27. Qxf6+ Qxf6 28. Nxf6 Nf4 29. Ng4 d4 30. Nf3 f6 31. Re1 Rg8 32. h3 Rc8 33. Bb3 Rc3 34. Nxd4 Nxg2 35. Nf5+ Kf8 36. Nd6 Ba8 37. Rf1 Ne3+ 38. Kg1 Nxf1 39. Kxf1 Rxh3 40. Ke1 1/2-1/2

[Event "FRA-chTW Top 12 2019"]
[Site "Vandoeuvre"]
[Date "2019.05.03"]
[Round "2.4"]
[White "Bonvalot, Isabelle"]
[Black "Fischer, Julie"]
[Result "1/2-1/2"]
[ECO "B22"]
[WhiteElo "1936"]
[BlackElo "2046"]
[Annotator "NA"]
[PlyCount "141"]
[EventDate "2019.05.02"]
[EventType "team-tourn"]
[EventCountry "FRA"]
[SourceTitle "playchess.com"]
[Source "ChessBase"]
[SourceQuality "1"]
[TimeControl "40/5400+30:1800+30"]

1. e4 c5 2. c3 d5 3. exd5 Qxd5 4. d4 Nf6 5. Nf3 e6 6. Be3 cxd4 7. cxd4 Nc6 8. Nc3 Qd8 9. a3 Be7 10. Be2 Nd5 11. Nxd5 Qxd5 12. O-O O-O 13. Rc1 b5 14. Qd3 Rb8 15. Nd2 Rd8 16. Bf3 Ne5 17. Qxh7+ Kxh7 18. Bxd5 Ng4 19. Be4+ f5 20. Bf3 Nxe3 21. fxe3 e5 22. Nb3 b4 23. a4 Bg5 24. Kf2 exd4 25. Nxd4 f4 26. Nc6 fxe3+ 27. Kg3 e2 28. Bxe2 Bxc1 29. Rxc1 Bf5 30. Nxb8 Rxb8 31. Rc7 Rd8 32. Rxa7 Rd2 33. Bf3 Rxb2 34. Rb7 b3 35. Kf4 Bc2 36. Bd5 Ra2 37. Bxb3 Bxb3 38. Rxb3 Rxa4+ 39. Kg5 Ra5+ 40. Kh4 Ra2 41. Kg3 Kg6 42. Rb6+ Kh5 43. h3 Ra3+ 44. Kh2 Ra2 45. Rb4 Kg5 46. Rg4+ Kh6 47. Kg3 Ra3+ 48. Kf4 Ra4+ 49. Ke5 Ra5+ 50. Kf4 Ra4+ 51. Kg3 Ra3+ 52. Kh2 Ra2 53. h4 Ra7 54. Kh3 Ra3+ 55. g3 Ra5 56. Rb4 Ra7 57. Rb6+ g6 58. Re6 Ra3 59. Kg4 Ra4+ 60. Kf3 Ra3+ 61. Kf4 Ra4+ 62. Re4 Rxe4+ 63. Kxe4 g5 64. h5 Kxh5 65. Kf5 g4 66. Kf4 Kh6 67. Kxg4 Kg6 68. Kf4 Kf6 69. g4 Kg6 70. g5 Kg7 71. Ke4 1/2-1/2